 Dungeon Crawl Stone Soup version 0.18.1-50-g88ac8fd (webtiles) character file.

99 Peloso the Shield-Bearer (level 4, -1/60 HPs)
             Began as a Minotaur Fighter on Oct 2, 2016.
             Succumbed to an orc wizard's poison
             ... on level 3 of the Dungeon.
             The game lasted 00:02:44 (1613 turns).

Peloso the Shield-Bearer (Minotaur Fighter)         Turns: 1613, Time: 00:02:45

Health: -1/60      AC: 22    Str: 19    XL:     4   Next: 45%
Magic:  3/3        EV:  2    Int: 10    God:
Gold:   77         SH:  9    Dex: 10    Spells: 0 memorised, 3 levels left

rFire  + . .     SeeInvis .     a - +0 long sword
rCold  + . .     Gourm    .     (armour currently unavailable)
rNeg   + + +     Faith    .     c - +0 shield
rPois  +         Spirit   .     (helmet currently unavailable)
rElec  +         Dismiss  .     (cloak currently unavailable)
rCorr  +         Reflect  .     (gloves currently unavailable)
SustAt .         Harm     .     (boots currently unavailable)
MR     .....     Clarity  +     j - amulet of rage
Stlth  +......... NoTele   +    (no ring)
                                (no ring)

@: brilliant, lethally poisoned (-1 -> -13), tree-form, resistant, drained, not
resistant to hostile enchantments, very unstealthy
A: (retaliatory headbutt), (horns 0), (molten scales 0), clarity, weak 1
a: Evoke Berserk Rage


You were on level 3 of the Dungeon.
You were very hungry.
You were a tree.
You visited 1 branch of the dungeon, and saw 3 of its levels.

You collected 77 gold pieces.

Inventory:

Hand Weapons
 a - a +0 long sword (weapon)
Armour
 b - a +0 scale mail (melded)
 c - a +0 shield (worn)
Jewellery
 j - an amulet of rage (around neck)
 p - an uncursed ring of fire {unknown}
Wands
 r - a wand of digging (11/24)
Scrolls
 e - 4 scrolls of identify {unknown}
 g - 2 scrolls of remove curse {unknown}
 h - 2 scrolls of amnesia {unknown}
 i - 2 scrolls of blinking {unknown}
 q - a scroll of noise {unknown}
 t - a scroll of enchant armour {unknown}
Potions
 d - a potion of might
Comestibles
 f - 5 bread rations
 k - 5 fruits
 s - a meat ration


   Skills:
 + Level 4.2(4.0) Fighting
 + Level 3.0(2.8) Long Blades
 + Level 4.3(4.0) Armour
 + Level 1.9(1.7) Dodging
 + Level 4.4(4.2) Shields


You had 3 spell levels left.
You didn't know any spells.

Dungeon Overview and Level Annotations

Branches:
Dungeon (3/15)

Altars:


Innate Abilities, Weirdness & Mutations

((You reflexively headbutt those who attack you in melee.))
((You have a pair of horns on your head.))
((You are partially covered in molten scales (AC +1).))
You possess an exceptional clarity of mind.
You are weak. (Str -2)


Message History

Drink which item? (? for menu, Esc to quit)
It was a potion of lignification.
You turn into a tree.
Your +0 scale mail melds into your body.
Your roots penetrate the ground.
* * * LOW HITPOINT WARNING * * *
You feel sick. The gnoll hits you but does no damage.
Drink which item? (? for menu, Esc to quit)
It was a potion of berserk rage.
You're too hungry to go berserk.
* * * LOW HITPOINT WARNING * * *
You feel sick. The gnoll hits you but does no damage.
Drink which item? (? for menu, Esc to quit)
It was a potion of resistance.
You feel protected.
* * * LOW HITPOINT WARNING * * *
You feel sick.
The orc wizard gestures wildly while chanting.
The orc wizard blinks!
You block the gnoll's attack. The gnoll blocks your attack.
The gnoll is severely wounded.
You die...

........#####.#
######...# .#
###.# #
########.#
.........#
.#######.# #.#
#.# #♣# #g# #o#
#.# .#. # #


You could see a gnoll and an orc.

Vanquished Creatures
  2 gnolls (D:3)
  4 adders (D:2)
  2 worms
  2 dart slugs (D:2)
  An orc (D:3)
  4 giant cockroaches
  3 goblins
  3 hobgoblins
  A quokka (D:2)
  A ball python (D:1)
  4 bats
  2 giant newts
  5 kobolds
  2 rats (D:2)
36 creatures vanquished.

Notes
Turn   | Place    | Note
--------------------------------------------------------------
     0 | D:1      | Peloso the Minotaur Fighter began the quest for the Orb.
     0 | D:1      | Reached XP level 1. HP: 19/19 MP: 0/0
   457 | D:1      | Reached XP level 2. HP: 27/27 MP: 1/1
   685 | D:2      | Reached XP level 3. HP: 9/33 MP: 2/2
   967 | D:2      | Reached skill level 1 in Dodging
  1328 | D:2      | Reached XP level 4. HP: 40/40 MP: 3/3
  1605 | D:3      | Gained mutation: You possess an exceptional clarity of mind. [potion of mutation]
  1605 | D:3      | Gained mutation: You are partially covered in molten scales (AC +1). [potion of mutation]
  1605 | D:3      | Gained mutation: You are weak. (Str -2) [potion of mutation]
  1611 | D:3      | HP: 2/60 [poisoned by an orc wizard]
  1613 | D:3      | Succumbed to an orc wizard's poison

Skill      XL: |  1  2  3  4 |
---------------+-------------+-----
Shields        | 4 |  4.4
Fighting       | 4 |  4.2
Armour         | 4 |  4.3
Dodging        | 1 |  1.9
Long Blades    | 3 |  3.0

Action                   |  1- 3 |  4- 6 || total
-------------------------+-------+-------++-------
Melee: Long sword        |    69 |    42 ||   111
       Headbutt          |     7 |     5 ||    12
  Use: Potion            |       |     6 ||     6
  Eat: Chunk             |     1 |       ||     1
Armor: Scale mail        |    30 |    12 ||    42
       Skin              |       |     2 ||     2
Dodge: Dodged            |    25 |    11 ||    36
Block: Shield            |    42 |    20 ||    62
